 Dungeon Crawl Stone Soup version 0.17-a0-2215-g49c1de0 (webtiles) character file.

1073 mrath the Ducker (level 8, 0/56 (58) HPs)
             Began as a Merfolk Ice Elementalist on Oct 27, 2015.
             Was an Initiate of Okawaru.
             Slain by an ice beast (2 damage)
             ... on level 6 of the Dungeon.
             The game lasted 01:15:02 (10614 turns).

mrath the Ducker (Merfolk Ice Elementalist)        Turns: 10614, Time: 01:15:02

HP:   0/56 (58)     AC:  5    Str:  8    XL:     8   Next: 28%
MP:   13/13         EV: 16    Int: 14    God:    Okawaru [......]
Gold: 205           SH:  0    Dex: 17    Spells: 4 memorised, 4 levels left

rFire  . . .     SeeInvis .     E - staff of poison (curse)
rCold  . . .     Clarity  .     a - +0 robe
rNeg   . . .     SustAt   .     (no shield)
rPois  +         Gourm    .     (no helmet)
rElec  .         Spirit   .     (no cloak)
rCorr  .         Warding  .     (no gloves)
rMut   .         Stasis   .     w - +2 pair of boots
MR     .....                    (no amulet)
Stlth  +++.......               z - ring of flight (curse)
                                s - ring of stealth (curse)

@: not resistant to hostile enchantments, fairly stealthy
A: change form in water, swift swim
a: Renounce Religion, Evoke Flight


You were on level 6 of the Dungeon.
You worshipped Okawaru.
Okawaru was noncommittal.
You were not hungry.

You visited 2 branches of the dungeon, and saw 7 of its levels.

You collected 205 gold pieces.

Inventory:

Hand Weapons
 c - a +0 hunting sling
 h - a +1 hand axe of chopping
 l - a +1 dagger of venom
 p - a +0 mace
 v - a +0 trident
Missiles
 i - 102 stones
 H - 2 throwing nets
 I - a tomahawk of returning (quivered)
Armour
 a - a +0 robe (worn)
 w - a +2 pair of boots (worn)
Magical Staves
 E - a cursed staff of poison (weapon)
Jewellery
 s - a cursed ring of stealth (left hand)
 y - a +2 ring of slaying
 z - a cursed ring of flight (right hand)
Wands
 u - a wand of draining (9)
 x - a wand of digging (13)
 B - a wand of teleportation (2)
Scrolls
 j - a scroll of teleportation {unknown}
 t - 2 scrolls of recharging {unknown}
 D - a scroll of fear {unknown}
 F - a scroll of identify
Potions
 d - a potion of mutation {unknown}
 e - 4 potions of curing
 f - a potion of ambrosia {unknown}
 k - 2 potions of lignification
 m - a potion of resistance {unknown}
 n - 3 potions of agility
 o - 3 potions of flight {unknown}
 q - a potion of brilliance {unknown}
 A - 2 potions of heal wounds {unknown}
 C - a potion of might {unknown}
Books
 b - a book of Frost

   Spells                             Type                      Level
   a - Freeze                         Ice                          1
   b - Throw Frost                    Conjuration/Ice              2
   c - Ozocubu's Armour               Charms/Ice                   3
   d - Throw Icicle                   Conjuration/Ice              4
   e - Summon Ice Beast               Ice/Summoning                4
   f - Condensation Shield            Ice                          4
Comestibles
 g - a beef jerky
 r - 4 meat rations
 G - a bread ration


   Skills:
 + Level 3.4 Fighting
 + Level 4.5 Polearms
 + Level 5.7 Dodging
 - Level 2.1 Stealth
 + Level 3.9 Spellcasting
 + Level 2.5 Conjurations
 + Level 3.1 Charms
 + Level 5.0 Ice Magic
 + Level 1.2 Invocations
 + Level 1.1 Evocations


You had 4 spell levels left.
You knew the following spells:

 Your Spells              Type           Power        Failure   Level  Hunger
a - Freeze                Ice            ###.         2%          1    None
b - Throw Frost           Conj/Ice       ##....       10%         2    ##.....
c - Ozocubu's Armour      Chrm/Ice       ##......     12%         3    ###....
d - Condensation Shield   Ice            ###.......   24%         4    ####...


Dungeon Overview and Level Annotations

Branches:
Dungeon (6/15)             Temple (1/1) D:5

Altars:
Ashenzari
Cheibriados
Dithmenos
Elyvilon
Fedhas
Gozag
Nemelex Xobeh
Okawaru
Ru
Sif Muna
Vehumet
The Shining One

Annotations:
D:2 Sigmund


Message History

Press: ? - help, Shift-Dir - straight line, f - ice beast
Aim: an ice beast (resting)
You throw a tomahawk of returning.
The tomahawk of returning hits the ice beast but does no damage.
The tomahawk of returning fails to return to your pack!
You hit the ice beast but do no damage. The ice beast hits you.
The ice beast freezes you!
You hit the ice beast but do no damage. The ice beast hits you.
The ice beast freezes you!
You hit the ice beast but do no damage. The ice beast hits you.
The ice beast freezes you!
* * * LOW HITPOINT WARNING * * *
You closely miss the ice beast. The ice beast hits you.
* * * LOW HITPOINT WARNING * * *
The ice beast freezes you.
* * * LOW HITPOINT WARNING * * *
You hit the ice beast.
The ice beast is lightly wounded.
The ice beast hits you.
You die...

#. ...#.#
#. #####.#
#. #.# #.
#.# #.
#######>##
#.
.........#
.....##..#
....
#..### ...
#.@Y(# ..
##+#.# .
.# #


You could see an ice beast.

Vanquished Creatures
  Eustachio (D:5)
  The ghost of DEFE the Ducker, an amateur OpFi (D:3)
  A necrophage (D:5)
  A giant frog (D:6)
  2 orc priests
  An iguana (D:4)
  A gnoll shaman (D:3)
  3 orc wizards
  2 giant frog skeletons (D:4)
  2 hounds (D:3)
  A worker ant (D:4)
  Terence (D:2)
  Natasha (thrice) (D:1)
  11 gnolls
  4 adders
  A shadow imp (D:5)
  5 worms
  5 giant geckos
  9 orcs
  A ball python (D:3)
  9 bats
  5 giant cockroaches
  6 goblins
  6 hobgoblins
  3 quokkas
  A ball python skeleton (D:4)
  A giant newt (D:2)
  11 jackals
  11 kobolds
  7 rats
116 creatures vanquished.

Notes
Turn   | Place    | Note
--------------------------------------------------------------
     0 | D:1      | mrath the Merfolk Ice Elementalist began the quest for the Orb.
     0 | D:1      | Reached XP level 1. HP: 13/13 MP: 3/3
   844 | D:1      | Reached XP level 2. HP: 19/19 MP: 3/5
  1073 | D:2      | Noticed Natasha
  1125 | D:1      | Learned a level 2 spell: Throw Frost
  1510 | D:1      | Reached skill level 1 in Conjurations
  1510 | D:1      | Reached XP level 3. HP: 15/25 MP: 1/6
  1982 | D:2      | Reached skill level 4 in Dodging
  2018 | D:2      | Noticed Terence
  2054 | D:2      | Killed Terence
  2054 | D:2      | Reached skill level 1 in Polearms
  2054 | D:2      | Reached XP level 4. HP: 22/31 MP: 1/7
  2219 | D:2      | Noticed Sigmund
  2552 | D:1      | Killed Natasha
  2552 | D:1      | Reached skill level 1 in Fighting
  2763 | D:1      | Noticed Natasha
  2797 | D:1      | Killed Natasha
  2994 | D:1      | Noticed Natasha
  2996 | D:1      | Killed Natasha
  3201 | D:2      | Learned a level 3 spell: Ozocubu's Armour
  3223 | D:2      | Reached XP level 5. HP: 37/37 MP: 8/8
  4140 | D:3      | Found an iron altar of Okawaru.
  4222 | D:3      | Noticed DEFE's ghost (amateur OpFi)
  5464 | D:3      | Reached XP level 6. HP: 15/44 MP: 2/10
  5674 | D:4      | Reached skill level 1 in Charms
  7026 | D:4      | Reached XP level 7. HP: 49/51 MP: 8/11
  7036 | D:3      | Reached skill level 5 in Dodging
  7244 | D:4      | Found a sparkling altar of Nemelex Xobeh.
  7556 | D:3      | Killed DEFE's ghost
  7834 | D:3      | Became a worshipper of Warmaster Okawaru
  8575 | D:5      | Entered Level 5 of the Dungeon
  8594 | D:5      | Found a staircase to the Ecumenical Temple.
  8594 | D:5      | Noticed Eustachio
  8677 | D:5      | Found a glowing golden altar of the Shining One.
  8680 | D:5      | Found a snail-covered altar of Cheibriados.
  8683 | D:5      | Found a sacrificial altar of Ru.
  8711 | D:5      | Got a crude plate armour
  8787 | D:5      | Found a deep blue altar of Sif Muna.
  9091 | D:5      | Found an opulent altar of Gozag.
  9298 | D:5      | Found a white marble altar of Elyvilon.
  9686 | D:5      | Reached XP level 8. HP: 41/56 MP: 5/13
  9867 | D:5      | Killed Eustachio
  9867 | D:5      | Reached skill level 5 in Ice Magic
  9867 | D:5      | Reached skill level 1 in Invocations
 10053 | Temple   | Entered the Ecumenical Temple
 10135 | Temple   | Learned a level 4 spell: Condensation Shield
 10252 | D:5      | Reached skill level 1 in Evocations
 10613 | D:6      | HP: 2/56 [ice beast (6)]
 10614 | D:6      | Slain by an ice beast

Vault maps used:
D:1:      ncdulo_lavacross
D:2:      lemuel_doored_altar, serial_co_window_serial, co_window_corner_a,
          co_window_paths_a, co_window_paths_a, co_window_corner_a,
          co_window_paths_b, co_window_unsneaky_path_a, co_window_broadway_a,
          co_window_of_opportunity_b, co_window_of_opportunity_b,
          glass_columns_a, glass_columns_a, glass_columns_a, glass_columns_a,
          uniq_terence, uniq_sigmund, uniq_natasha
D:3:      first_bread, okawaru_trees_1
D:4:      nemelex_xobeh_ov_fountains_minmay
D:5:      nicolae_gozag_cash_rules_everything_around_me,
          grunt_temple_overflow_diamond, lemuel_coloured_pillars_altar,
          minmay_temple_entry_hall, basic_altar, nrook_pool_corridor,
          uniq_eustachio
Temple:   oiseaux_autumnal_temple_12

Action                   |  1- 3 |  4- 6 |  7- 9 || total
-------------------------+-------+-------+-------++-------
Melee: Dagger            |    22 |       |       ||    22
       Spear             |     5 |    39 |       ||    44
       Trident           |       |    39 |       ||    39
       Staff             |       |       |    42 ||    42
       Hand axe          |       |       |     5 ||     5
 Fire: Hunting sling     |       |    62 |    48 ||   110
Throw: Stone             |    25 |    90 |    31 ||   146
       Tomahawk          |       |       |     1 ||     1
 Cast: Freeze            |    37 |    90 |    61 ||   188
       Throw Frost       |       |     3 |     6 ||     9
  Use: Scroll            |     3 |     2 |     6 ||    11
  Eat: Bread ration      |     1 |     2 |     2 ||     5
       Pizza             |     1 |       |     1 ||     2
       Chunk             |       |     6 |     2 ||     8
